 Dungeon Sprint DCSS version 0.16-a0-3807-g3748f16 (console) character file.

504 mauris the Cleaver (level 6, -2/62 HPs)
             Began as a Deep Dwarf Fighter on Jan 28, 2015.
             Was an Initiate of Makhleb.
             Slain by a deep troll (3 damage)
             ... in the Dungeon (Sprint I: "Red Sonja").
             The game lasted 00:04:21 (331 turns).

mauris the Cleaver (Deep Dwarf Fighter)              Turns: 331, Time: 00:04:21

Health: -2/62      AC:  9    Str: 20    XL:     6   Next: 96%
Magic:  11/11      EV:  9    Int:  8    God:    Makhleb [......]
Gold:   594        SH:  9    Dex: 14    Spells: 0 memorised, 5 levels left

rFire  . . .     SeeInvis .     a - +0 war axe
rCold  . . .     Clarity  .     q - +0 chain mail
rNeg   . . .     SustAb   .     c - +0 shield
rPois  .         Gourm    .     (no helmet)
rElec  .         Spirit   .     (no cloak)
rCorr  .         Warding  .     (no gloves)
rMut   .         NoTele   +     (no boots)
MR     .....                    (no amulet)
Stlth  ..........               (no ring)
                                (no ring)

@: non-regenerating, not resistant to hostile enchantments, extremely unstealthy
A: damage resistance, recharge devices, sense surroundings 1, slow healing 3
a: Device Recharging, Renounce Religion


You were in the Dungeon.
You worshipped Makhleb.
Makhleb was noncommittal.
You were not hungry.

You visited 1 branch You collected 594 gold pieces.

Inventory:

Hand weapons
 a - a +0 war axe (weapon)
Missiles
 k - a curare-tipped needle {!f}
Armour
 c - a +0 shield (worn)
 q - a +0 chain mail (worn)
Magical devices
 d - a wand of heal wounds (6) {@v2}
 n - a wand of slowing (27)
Scrolls
 l - a scroll of blinking
Potions
 e - a potion of might
 g - 3 potions of curing {@q1}
 h - a potion of heal wounds {@q2}
 i - a potion of haste {@q3}
 j - 2 potions of magic
 p - a potion of brilliance {unknown}
Comestibles
 f - a bread ration
 m - 5 chunks of flesh
 o - a beef jerky


   Skills:
 + Level 6.1 Fighting
 - Level 10.1 Axes
 - Level 3.2 Armour
 - Level 8.8 Dodging
 - Level 3.2 Shields
 - Level 8.6 Evocations


You had 5 spell levels left.
You didn't know any spells.

Dungeon Overview and Level Annotations

Branches:
Dungeon (1/1)

Altars:
Elyvilon
Gozag
Kikubaaqudgha
Makhleb
Nemelex Xobeh
Okawaru
Qazlal
Ru
Sif Muna
Trog
Vehumet
Xom
Yredelemnul
Zin
The Shining One

Shops:
D :?


Innate Abilities, Weirdness & Mutations

You are resistant to damage.
You can recharge devices by infusing magical energy.
You passively map a small area around you.
You do not heal naturally.


Message History

Press: ? - help, Shift-Dir - straight line, f - you You feel much better.
This wand has 6 charges left.
The deep troll bites you but does no damage.
The deep troll claws you!
The deep troll claws you but does no damage.
Unknown command.
Unknown command.
You hit the deep troll.
The deep troll is lightly wounded.
The deep troll bites you. The deep troll claws you! The deep troll claws you.
Huge Dmg: -16%(-10hp) hp: 47%(29hp) Unknown command.
Your chain mail prevents you from hitting the deep troll.
The deep troll is lightly wounded.
The deep troll bites you!!
* * * LOW HITPOINT WARNING * * *
The deep troll claws you!
* * * LOW HITPOINT WARNING * * *
The deep troll claws you.
You die...

#..#####'#####'#_ *
#..## #..#...#.#* , *
#..#__####..##.#
#..#_..__##'#..+ + *
#}}#_.\...'..._# ~ *
####_..._##_.#'# * *
,,#_____###'#.# ,
############.####+###
,
#\........'...qT$.$$+
###++++####...#######
#..G..., ###.###, ,
#G....., #.#'#.# ,
#..#..G #.....# + *
.,.... ,#.[.(.# , ,
.G..#,,#######, , ...
, ,, , , , * , , , ,


You could see a deep troll.

Vanquished Creatures
  A yak (D)
  An ogre (D)
  Sigmund (D)
  A jelly (D)
  Ijyb (D)
  5 ballistomycetes (D)
10 creatures vanquished.

Vanquished Creatures (others)
  A gargoyle (D)
  Sonja (D)
  2 giant spores (D)
4 creatures vanquished.

Grand Total: 14 creatures vanquished

Notes
Turn   | Place    | Note
--------------------------------------------------------------
     0 | D        | mauris, the Deep Dwarf Fighter, began the quest for the Orb.
     0 | D        | Reached XP level 1. HP: 20/20 MP: 1/1
     2 | D        | Noticed Ijyb
    21 | D        | Killed Ijyb
    21 | D        | Reached skill level 5 in Axes
    21 | D        | Reached XP level 2. HP: 24/27 MP: 2/2
    25 | D        | Noticed an ogre
    28 | D        | Huge Dmg: 16 Dmg
    31 | D        | Huge Dmg: 25 Dmg
    36 | D        | Huge Dmg: 17 Dmg
    41 | D        | Huge Dmg: 12 Dmg
    41 | D        | Killed an ogre
    41 | D        | Reached skill level 10 in Axes
    41 | D        | Reached XP level 3. HP: 18/33 MP: 3/3
    41 | D        | Reached XP level 4. HP: 21/40 MP: 4/4
    48 | D        | Noticed Sigmund
    56 | D        | Killed Sigmund
    56 | D        | Reached XP level 5. HP: 35/46 MP: 5/12
   139 | D        | Found a deep blue altar of Sif Muna.
   140 | D        | Noticed a jelly
   141 | D        | Found a radiant altar of Vehumet.
   145 | D        | Killed a jelly
   163 | D        | Found Tous Hacef's Magic Scroll Emporium.
   163 | D        | Found a white marble altar of Elyvilon.
   163 | D        | Found a stormy altar of Qazlal.
   163 | D        | Found a burning altar of Makhleb.
   163 | D        | Found a sacrificial altar of Ru.
   163 | D        | Found a basalt altar of Yredelemnul.
   163 | D        | Found a glowing golden altar of the Shining One.
   163 | D        | Found a sparkling altar of Nemelex Xobeh.
   163 | D        | Found a shimmering altar of Xom.
   163 | D        | Found an opulent altar of Gozag.
   163 | D        | Found an ancient bone altar of Kikubaaqudgha.
   163 | D        | Found a glowing silver altar of Zin.
   163 | D        | Noticed a yak
   170 | D        | Killed a yak
   170 | D        | Reached XP level 6. HP: 40/55 MP: 13/13
   171 | D        | Found an iron altar of Okawaru.
   173 | D        | Found a bloodstained altar of Trog.
   175 | D        | Became a worshipper of Makhleb the Destroyer
   189 | D        | Noticed Sonja
   195 | D        | Huge Dmg: 18 Dmg
   202 | D        | Huge Dmg: 20 Dmg
   202 | D        | HP: 1/82 [Sonja/uncursed short sword of distortion (11)]
   203 | D        | Huge Dmg: 14 Dmg
   208 | D        | Killed Sonja
   216 | D        | Killed a gargoyle
   229 | D        | Huge Dmg: 35 Dmg
   312 | D        | Found Tigihum's Book Boutique.
   317 | D        | Noticed a shining eye
   317 | D        | Noticed a shining eye
   325 | D        | Noticed a deep troll
   328 | D        | Huge Dmg: 18 Dmg
   329 | D        | Huge Dmg: 12 Dmg
   331 | D        | Huge Dmg: 10 Dmg
   331 | D        | HP: 1/62 [deep troll (8)]
   331 | D        | Slain by a deep troll

Action                   |  1- 3 |  4- 6 || total
-------------------------+-------+-------++-------
Melee: War axe           |    31 |    55 ||    86
 Abil: Device Recharging |       |     3 ||     3
Evoke: Wand              |     3 |    10 ||    13
  Use: Potion            |       |     1 ||     1

Vault maps used:
D:        dungeon_sprint_1
